 Dungeon Crawl Stone Soup version 0.15.0-29-ga8e3430 (webtiles) character file.

1645 Psiweapon the Martial Artist (level 8, -2/59 HPs)
             Began as a Minotaur Transmuter on Sept 11, 2014.
             Shot with an arrow of flame by a centaur (8 damage)
             ... on Level 6 of the Dungeon.
             The game lasted 00:26:55 (6458 turns).

Psiweapon the Martial Artist (Minotaur Transmuter)  Turns: 6458, Time: 00:26:55

HP  -2/59        AC  5     Str 14      XL: 8   Next: 67%
MP   5/6         EV 11     Int 10      God:
Gold 281         SH  0     Dex 14      Spells:  2 memorised,  4 levels left

rFire  . . .     SeeInvis +       - Unarmed
rCold  . . .     Clarity  .     e - +0 ring mail
rNeg   . . .     rCorr    .     (no shield)
rPois  .         rRot     .     (helmet restricted)
rElec  .         Spirit   .     (no cloak)
SustAb .         Warding  .     (no gloves)
rMut   .         Stasis   .     (no boots)
Gourm  .                        (no amulet)
MR     .....                    y - cursed ring of loudness
                                P - ring of see invisible

@: very slightly contaminated, not resistant to hostile enchantments, extremely
unstealthy
A: retaliatory headbutt, horns 2
a: no special abilities


You were on level 6 of the Dungeon.
You were not hungry.

You visited 2 branches of the dungeon, and saw 7 of its levels.
You also visited: Sewer.

You collected 281 gold pieces.

Inventory:

Hand weapons
 h - a +0 dagger
 r - a +4 trident
 s - a +3 dagger
 t - a +0 hand crossbow
 A - a +0 blowgun
 F - a +5 flail of holy wrath
Missiles
 b - 54 arrows
 B - 7 tomahawks (quivered)
 G - 4 poisoned needles
Armour
 c - a +0 robe
 e - a +0 ring mail (worn)
 x - a +0 leather armour
 K - a +0 leather armour
 O - a +0 buckler
Comestibles
 a - 3 bread rations
 i - a meat ration
 l - 11 fruits
 H - a beef jerky
 J - a rotting chunk of quokka flesh
 L - 2 rotting chunks of human flesh
 Q - 2 chunks of goblin flesh
Scrolls
 g - 4 scrolls of teleportation {unknown}
 j - 3 scrolls of remove curse
 k - a scroll of blinking {unknown}
 n - a scroll of recharging {unknown}
 v - 9 scrolls of identify {unknown}
 D - a scroll of immolation {unknown}
 E - a scroll of magic mapping {unknown}
Jewellery
 o - an uncursed ring of poison resistance
 w - an uncursed ring of protection from fire
 y - a cursed ring of loudness (right hand)
 M - an uncursed ring of flight
 P - a ring of see invisible (left hand)
Potions
 f - a potion of resistance {unknown}
 m - a potion of mutation {unknown}
 p - a potion of heal wounds
 q - a potion of haste {unknown}
 u - 2 potions of might {unknown}
 z - 2 potions of agility {unknown}
 N - a potion of curing {unknown}
 R - a potion of lignification {unknown}
Books
 d - a book of Changes

   Spells                             Type                      Level
   *Beastly Appendage                 Transmutation                1
   Sticks to Snakes                   Transmutation                2
   Spider Form                        Transmutation/Poison         3
   *Ice Form                          Ice/Transmutation            4
   Blade Hands                        Transmutation                5
 C - a book of the Sky

   Spells                             Type                      Level
   Flight                             Charms/Air                   3
   Airstrike                          Air                          4
   Silence                            Hexes/Air                    5
   Deflect Missiles                   Charms/Air                   6
   Conjure Ball Lightning             Conjuration/Air              6
   Tornado                            Air                          9
Magical staves
 I - an uncursed staff of wizardry


   Skills:
 - Level 1.2 Fighting
 - Level 4.5 Throwing
 + Level 1.2 Armour
 - Level 5.7 Dodging
 + Level 9.1 Unarmed Combat
 - Level 1.3 Spellcasting
 - Level 3.3 Transmutations


You had 4 spell levels left.
You knew the following spells:

 Your Spells              Type           Power        Failure   Level  Hunger
a - Beastly Appendage     Trmt           #.....       12%         1    ##.....
b - Ice Form              Ice/Trmt       #.......     100%        4    #####..


Dungeon Overview and Level Annotations

Branches:
Dungeon (6/15)             Temple (1/1) D:5

Altars:
Ashenzari
Dithmenos
Elyvilon
Fedhas
Kikubaaqudgha
Makhleb
Nemelex Xobeh
Qazlal
Sif Muna
Trog
Vehumet
Xom
Yredelemnul
Zin
Beogh


Innate Abilities, Weirdness & Mutations

You reflexively headbutt those who attack you in melee.
You have a pair of horns on your head.


Message History

The giant frog is moderately wounded.
The giant frog misses you. You furiously retaliate!
You headbutt the giant frog! The giant frog hits you.
You barely miss the giant frog. Your headbutt misses the giant frog.
You punch the giant frog.
The giant frog is severely wounded.
The giant frog closely misses you.
You hit the giant frog. Your headbutt misses the giant frog.
The giant frog is almost dead.
The giant frog misses you. You furiously retaliate!
You headbutt the giant frog, but do no damage.
You closely miss the giant frog. You headbutt the giant frog.
You kill the giant frog!
Your Armour skill increases to level 1!
The centaur shoots an arrow of flame.
The arrow of flame hits you!
* * * LOW HITPOINT WARNING * * *
The arrow of flame burns you.
* * * LOW HITPOINT WARNING * * *
The centaur shoots an arrow of flame.
The arrow of flame hits you!
You die...

#.....######
########....##....
...##..........##
...>.......##...#
............##..#
<.).............#
............#...######...
.........................
.............###@#######..
.................(........
.............###O##c.....#
...##.......## #......###
#### #####.### ##......#
#......###....#.#
.....[...(.#### .
......O..(.## ........(.##


You could see an ogre and a centaur.

Vanquished Creatures
  Prince Ribbit (D:5)
  Edmund (D:4)
  A centaur (D:5)
  2 ogres
  Sigmund (D:2)
  2 giant frogs
  2 scorpions (D:5)
  A crimson imp (D:6)
  A hound (D:5)
  5 orc priests
  2 orc wizards
  4 worker ants
  10 adders
  6 gnolls (D:5)
  8 giant mites
  2 shadow imps (D:5)
  3 worms
  An adder skeleton (D:5)
  7 giant geckos
  4 oozes
  23 orcs
  12 bats
  A bat skeleton (D:4)
  9 giant cockroaches
  18 goblins
  9 hobgoblins
  2 quokkas
  A ball python (Sewer)
  A giant gecko skeleton (D:5)
  9 giant newts
  2 goblin skeletons (D:5)
  A hobgoblin skeleton (D:4)
  12 jackals
  10 kobolds
  8 rats
182 creatures vanquished.

Notes
Turn   | Place    | Note
--------------------------------------------------------------
     0 | D:1      | Psiweapon, the Minotaur Transmuter, began the quest for the Orb.
     0 | D:1      | Reached XP level 1. HP: 16/16 MP: 2/2
   328 | D:1      | Reached XP level 2. HP: 20/23 MP: 2/2
   986 | D:2      | Reached skill level 4 in Unarmed Combat
   986 | D:2      | Reached XP level 3. HP: 24/28 MP: 1/3
  1082 | D:2      | Found a sparkling altar of Nemelex Xobeh.
  1099 | D:2      | Found a shattered altar of Ashenzari.
  1304 | D:2      | Noticed Sigmund
  1316 | D:2      | Killed Sigmund
  1316 | D:2      | Reached XP level 4. HP: 12/35 MP: 2/4
  1559 | D:2      | Reached skill level 5 in Unarmed Combat
  1565 | D:2      | Reached XP level 5. HP: 8/40 MP: 4/4
  2219 | D:3      | Reached skill level 1 in Throwing
  2330 | D:3      | Found a roughly hewn altar of Beogh.
  2575 | D:3      | Reached XP level 6. HP: 39/47 MP: 5/5
  3146 | D:4      | Noticed Edmund
  3167 | D:4      | Killed Edmund
  3167 | D:4      | Reached skill level 6 in Unarmed Combat
  3290 | D:4      | Reached XP level 7. HP: 12/52 MP: 6/6
  3591 | D:4      | Found a glowing drain.
  3628 | Sewer    | Entered a sewer
  3941 | Sewer    | Reached skill level 7 in Unarmed Combat
  3962 | Sewer    | Learned a level 4 spell: Ice Form
  4071 | D:4      | Found a bloodstained altar of Trog.
  4214 | D:5      | Entered Level 5 of the Dungeon
  5286 | D:5      | Reached XP level 8. HP: 59/59 MP: 6/6
  5398 | D:5      | Reached skill level 8 in Unarmed Combat
  5399 | D:5      | Noticed Prince Ribbit
  5520 | D:5      | Found a staircase to the Ecumenical Temple.
  5529 | Temple   | Entered the Ecumenical Temple
  5847 | D:5      | Found a burning altar of Makhleb.
  5851 | D:5      | Reached skill level 5 in Dodging
  6175 | D:5      | Killed Prince Ribbit
  6360 | D:6      | Reached skill level 9 in Unarmed Combat
  6457 | D:6      | Reached skill level 1 in Armour
  6458 | D:6      | Shot with an arrow of flame by a centaur

Action                   |  1- 3 |  4- 6 |  7- 9 || total
-------------------------+-------+-------+-------++-------
Melee: Unarmed           |    71 |   133 |   187 ||   391
Throw: Javelin           |    14 |    30 |    51 ||    95
       Tomahawk          |       |     8 |    23 ||    31
 Cast: Beastly Appendage |    12 |    11 |    13 ||    36
 Abil: Evoke Flight      |       |       |     1 ||     1
  Use: Scroll            |       |     1 |       ||     1
       Potion            |       |     1 |       ||     1
  Eat: Chunk             |     2 |     7 |    10 ||    19
